AoeStats
← 中年不油妮

Arena

509107582Analyzed
4v4 RM · 6d ago on Sep 25, 2026· 14m 39s· 8 players
Game mode
Random Map
Map size
Large (8 player)
Population
200
Speed
Normal
Resources
Standard
Victory
Conquest
Starting age
Dark Age
Ending age
Imperial Age
RankedLock teamsTeams togetherTeam positionsShared explorationLock speedFull tech treeHidden civsTurbo modeCheats
Victory
Defeat
🇹🇼 Mongols · Taiwan
1294
+12
🇹🇼 Cumans · Taiwan
1283
+13
🇹🇼 Bulgarians · Taiwan
1244
+14
🇹🇼 Varangians · Taiwan
1087
+20
🇨🇳 Aztecs · China
1286
-18
🇦🇷 Tatars · Argentina
1207
-15
🇬🇧 Byzantines · United Kingdom
1185
-14
🇹🇼 Danes · Taiwan
1129
-12
中年不油妮
9:40 Feudal Age
13:53 Castle Age
13:00 Double-Bit Axe
12:58 Horse Collar
Mknolix
10:21 Feudal Age
11:45 Loom
14:27 Castle Age
13:22 Double-Bit Axe
13:21 Horse Collar
14:21 Wheelbarrow
開機中
10:42 Feudal Age
15:08 Castle Age
13:14 Double-Bit Axe
14:00 Horse Collar
Minneapolis
10:27 Feudal Age
11:19 Double-Bit Axe
11:13 Man-at-Arms
11:55 Loom
13:12 Fletching
jim921012
6:03 Loom
8:57 Feudal Age
9:43 Double-Bit Axe
tseng880322
10:07 Feudal Age
14:06 Castle Age
13:31 Double-Bit Axe
ejo3t84xji6tjej0xk7
10:14 Feudal Age
13:51 Castle Age
12:13 Double-Bit Axe
12:32 Horse Collar
15:00 Bow Saw
potatonice0209
7:06 Loom
9:50 Feudal Age
Connection lost

Rejoining the realm…

Still unreachable

The connection could not be restored.

Session expired

The server has moved on; the page needs a fresh start.